 Dungeon Crawl Stone Soup version 0.30.0-10-gfe55d96785 (webtiles) character file.

Game seed: 14804244132251932561

4549 qw the Cleaver (level 10, -1/64 HPs)
             Began as a Gargoyle Cinder Acolyte on May 17, 2023.
             Was an Initiate of Ignis.
             Slain by Amaemon
             ... wielding a -1 demon whip of venom
              (7 damage)
             ... on level 9 of the Dungeon.
             The game lasted 00:04:31 (8094 turns).

qw the Cleaver (Gargoyle Cinder Acolyte)            Turns: 8094, Time: 00:04:31

Health: -1/64      AC: 22    Str: 18    XL:     10   Next: 40%
Magic:  20/20      EV:  6    Int: 21    God:    Ignis [......]
Gold:   619        SH:  0    Dex: 13    Spells: 11/11 levels left

rFire   + + +        Y - +1 broad axe (venom)
rCold   + . .        (no shield)
rNeg    + . .        q - +0 plate armour
rPois   inf          b - +1 helmet of the Past {Will+ rCorr MP+9 Str-4}
rElec   +            (no cloak)
rCorr   +            (no gloves)
SInv    .            (no boots)
Will    +....        (no amulet) Stlth
                     n - ring of protection from cold
HPRegen 0.30/turn    s - ring of Greater Demons {Drain rElec rF++ Int+6 Dex+8}
MPRegen 0.17/turn

%: no passive effects
@: no status effects
A: sickness immunity, AC +7, negative energy resistance 1, electricity
resistance, torment resistance 1, petrification resistance
a: Renounce Religion, Rising Flame


You were on level 9 of the Dungeon.
You worshipped Ignis.
Ignis was noncommittal.
You visited 1 branch of the dungeon, and saw 9 of its levels.

You collected 619 gold pieces.


Innate Abilities, Weirdness & Mutations

You are immune to sickness and miasma.
Your stone body is resilient. (AC +7)
You are immune to poison.
You resist negative energy. (rN+)
You are resistant to electric shocks. (rElec)
You are resistant to unholy torment.
You are immune to petrification.


   Skills:
 - Level 8.2 Fighting
 + Level 10.4 Axes
 - Level 2.0 Throwing
 - Level 7.3 Armour
 - Level 1.3 Dodging
 - Level 1.0 Spellcasting
 - Level 3.0 Fire Magic


You had 11 spell levels left.
You didn't know any spells.
Your spell library contained the following spells:

 Spells                   Type           Power      Damage    Failure   Level
 Scorch                   Fire           26%        2d6       90%         2

Inventory:

Hand Weapons
 f - a +1 war axe of flaming
 Y - a +1 broad axe of venom (weapon)
Missiles
 g - 8 boomerangs (quivered)
Armour
 a - a +0 helmet
 b - the +1 helmet of the Past (worn) {Will+ rCorr MP+9 Str-4}
   (You acquired it on level 2 of the Dungeon)

   Str:       It affects your strength (-4).
   MP:        It affects your magic capacity (+9).
   rCorr:     It protects you from acid and corrosion.
   Will:      It increases your willpower.
 l - a +2 chain mail of fire resistance
 q - a +0 plate armour (worn)
Jewellery
 n - a ring of protection from cold (left hand)
 s - the ring of Greater Demons (right hand) {Drain rElec rF++ Int+6 Dex+8}
   (You acquired it on level 4 of the Dungeon)

   [ring of intelligence]

   Int:       It affects your intelligence (+6).
   Dex:       It affects your dexterity (+8).
   rF:        It greatly protects you from fire.
   rElec:     It insulates you from electricity.
   Drain:     It drains your maximum health when unequipped.
Scrolls
 o - 2 scrolls of identify
Potions
 c - a potion of resistance
 d - a potion of cancellation
 h - a potion of haste
 i - 3 potions of curing
 p - a potion of invisibility {unknown}

Dungeon Overview and Level Annotations

Branches:
Dungeon (9/15)             Temple (0/1) D:6
   Lair: D:8-11         Orc: D:9-12

Altars:
Cheibriados
Elyvilon
Fedhas
Gozag
Ru
Uskayaw
Yredelemnul
Zin
The Shining One

Shops:
D:7 (

Annotations:
D:9 Amaemon


Message History

Amaemon barely misses you. Amaemon claws you but does no damage.
Amaemon tail-slaps you but does no damage.
The orange demon stings you from afar!
Amaemon hits you with a -1 demon whip of venom!
Amaemon barely misses you.
Amaemon tail-slaps you but does no damage.
8089 ||| DRINKING potion of heal wounds.
You feel much better.
The orange demon no longer looks unusually toxic.
Amaemon points at the orange demon and mumbles some strange words.
The orange demon seems to grow toxic.
The orange demon stings you from afar!
You hit Amaemon.
Amaemon looks as sick as possible!
Amaemon is moderately wounded.
Amaemon hits you with a -1 demon whip of venom.
Amaemon barely misses you. x2; The orange demon completely misses you.
Amaemon hits you but does no damage. Amaemon claws you.
Amaemon tail-slaps you but does no damage.
You hit Amaemon.
Amaemon is moderately wounded.
Amaemon hits you but does no damage. Amaemon claws you!
Amaemon barely misses you. The orange demon barely misses you.
You hit Amaemon.
Amaemon looks as sick as possible!
Amaemon is heavily wounded.
Amaemon whispers, "Once I find the ORB, I'll be cured.
I'll be normal again!"
Amaemon barely misses you. Amaemon closely misses you.
Amaemon tail-slaps you but does no damage.
The orange demon closely misses you. Amaemon hits you but does no damage.
Amaemon claws you but does no damage.
Amaemon tail-slaps you but does no damage.
You slice Amaemon!!
Amaemon looks as sick as possible!
Amaemon is severely wounded.
Amaemon mumbles some strange words.
The orange demon stings you but does no damage.
Amaemon hits you with a -1 demon whip of venom.
Amaemon claws you but does no damage.
Amaemon tail-slaps you but does no damage.
You hit Amaemon.
Amaemon is severely wounded.
Amaemon hits you with a -1 demon whip of venom!
You die...

##.##..##.#.........#.
###.#####..........
##.....#.......)#...
#..................#
##............(###.#
#..........#.#.#)...
##.....#...#...###.#
#.....###.........#
##@.### .......#...
#6).....##........
#.4.#...#.......#.
...s# ..##........
..... .###.......
.#..... # ..##.### ...
.#


You could see Amaemon (fast, extremely poisoned), an orange demon (curare) and a
scorpion (summoned).

Vanquished Creatures
  Grinder (D:5)
  A shadow (D:9)
  A wraith (D:9)
  A yak (D:9)
  Grum (D:8)
  2 orc warriors (D:8)
  2 ice beasts
  3 ogres
  3 centaurs
  4 wolves (D:8)
  2 phantoms (D:5)
  3 bullfrogs
  A kobold brigand (D:6)
  2 gnoll sergeants (D:9)
  4 scorpions
  2 wyvern zombies (D:6)
  8 wights
  A killer bee (D:9)
  4 howler monkeys (D:7)
  4 bullfrog zombies (D:6)
  3 orc priests
  A hound (D:4)
  Terence (D:3)
  4 iguanas
  6 orc wizards
  2 sleepcaps
  A killer bee zombie (D:6)
  8 adders
  14 gnolls
  2 shadow imps (D:7)
  4 white imps
  4 worms
  2 dart slugs
  23 orcs
  7 ball pythons
  6 bats
  2 endoplasms (D:1)
  4 giant cockroaches
  38 goblins
  30 hobgoblins
  19 kobolds
  6 quokkas
  7 frilled lizards
  6 rats
250 creatures vanquished.

Vanquished Creatures (others)
  An iguana (D:4)
1 creature vanquished.

Grand Total: 251 creatures vanquished

Notes
Turn   | Place    | Note
-------+----------+-------------------------------------------
     0 | D:1      | qw the Gargoyle Cinder Acolyte began the quest for the Orb.
     0 | D:1      | Reached XP level 1. HP: 14/14 MP: 2/2
     0 | D:1      | 0 ||| qw: Version: 0.2-a-95-g4c1bab1
     0 | D:1      | 0 ||| qw: Game counter: 142
     0 | D:1      | 0 ||| qw: Always use a shield: true
     0 | D:1      | 0 ||| qw: God list: Okawaru
     0 | D:1      | 0 ||| qw: Allow faded altars: false
     0 | D:1      | 0 ||| qw: Do Orc after D:15 true
     0 | D:1      | 0 ||| qw: Do second Lair branch before Depths: true
     0 | D:1      | 0 ||| qw: Lair rune preference: random
     0 | D:1      | 0 ||| qw: Plans: Normal
     0 | D:1      | 0 ||| PLANNING D:1-11
    71 | D:1      | Reached skill level 3 in Axes
   121 | D:1      | Reached XP level 2. HP: 19/19 MP: 3/3
   164 | D:1      | 164 ||| Stepping ~*~*~tactically~*~*~ (stealth).
   165 | D:1      | 165 ||| Stepping ~*~*~tactically~*~*~ (stealth).
   174 | D:1      | 174 ||| Stepping ~*~*~tactically~*~*~ (stealth).
   187 | D:1      | 187 ||| INVOKING Fiery Armour.
   252 | D:1      | 252 ||| Stepping ~*~*~tactically~*~*~ (hiding).
   624 | D:1      | Reached XP level 3. HP: 23/23 MP: 4/4
   824 | D:1      | 824 ||| UPGRADING to +0 chain mail.
   834 | D:1      | 834 ||| DROPPING +0 robe.
   835 | D:1      | 835 ||| READING scroll labelled QIOZUAK ZIRRAPH.
   838 | D:1      | 838 ||| READING scroll labelled HOHINICISIU.
   839 | D:1      | 839 ||| READING scroll labelled ICZIBI FETOU.
   958 | D:2      | Reached skill level 1 in Armour
  1016 | D:2      | Reached skill level 4 in Axes
  1056 | D:2      | 1056 ||| Stepping ~*~*~tactically~*~*~ (stealth).
  1084 | D:2      | Reached XP level 4. HP: 24/28 MP: 5/5
  1105 | D:2      | Found a faded altar of an unknown god.
  1407 | D:2      | 1407 ||| READING 3 scrolls labelled GIONTE VANIOKI.
  1408 | D:2      | 1408 ||| READING scroll labelled UKOJIQ WEMO.
  1408 | D:2      | Identified a scroll of acquirement
  1408 | D:2      | 1408 ||| ACQUIRING +1 helmet of the Past {Will+ rCorr MP+9
                  | Str-4}
  1408 | D:2      | Acquired the +1 helmet of the Past {Will+ rCorr MP+9 Str-4}
  1410 | D:2      | 1410 ||| UPGRADING to +1 helmet of the Past {Will+ rCorr
                  | MP+9 Str-4}.
  1480 | D:2      | 1480 ||| READING scroll labelled RUNIUS BODDOAREOM.
  1481 | D:2      | 1481 ||| DROPPING 2 scrolls of immolation.
  1560 | D:3      | 1560 ||| Stepping ~*~*~tactically~*~*~ (hiding).
  1561 | D:3      | 1561 ||| SWAPPING to +0 war axe.
  1565 | D:3      | 1565 ||| INVOKING Fiery Armour.
  1566 | D:3      | HP: 4/28 [orc priest/divine providence (14)]
  1567 | D:3      | 1567 ||| READING scroll of teleportation.
  1569 | D:3      | Found a snail-covered altar of Cheibriados.
  1573 | D:3      | HP: 2/28 [worm (4)]
  1872 | D:3      | Reached XP level 5. HP: 10/32 MP: 6/6
  1881 | D:3      | 1881 ||| INVOKING Fiery Armour.
  2122 | D:3      | Noticed Terence
  2129 | D:3      | Killed Terence
  2130 | D:3      | Reached skill level 5 in Axes
  2235 | D:3      | 2235 ||| READING 3 scrolls of acquirement.
  2235 | D:3      | 2235 ||| ACQUIRING +0 broad axe of freezing
  2235 | D:3      | Acquired a +0 broad axe of freezing
  2237 | D:3      | 2237 ||| SWAPPING to +0 broad axe of freezing.
  2238 | D:3      | 2238 ||| DROPPING +0 war axe.
  2239 | D:3      | 2239 ||| READING 2 scrolls of acquirement.
  2239 | D:3      | 2239 ||| ACQUIRING ring of protection from cold
  2239 | D:3      | Acquired a ring of protection from cold
  2240 | D:3      | 2240 ||| READING scroll of acquirement.
  2240 | D:3      | 2240 ||| ACQUIRING +1 war axe of flaming
  2240 | D:3      | Acquired a +1 war axe of flaming
  2242 | D:3      | 2242 ||| DROPPING +0 hand axe of flaming.
  2282 | D:3      | 2282 ||| Stepping ~*~*~tactically~*~*~ (hiding).
  2584 | D:3      | 2584 ||| Stepping ~*~*~tactically~*~*~ (hiding).
  2586 | D:3      | 2586 ||| Stepping ~*~*~tactically~*~*~ (hiding).
  2642 | D:3      | 2642 ||| UPGRADING to ring of protection from cold.
  2643 | D:3      | 2643 ||| READING scroll labelled WUADICZIWN.
  2644 | D:3      | 2644 ||| READING scroll labelled NAYCEO INOEC.
  2645 | D:3      | 2645 ||| DRINKING 2 red potions.
  2646 | D:3      | 2646 ||| DROPPING potion of brilliance.
  2690 | D:4      | Reached XP level 6. HP: 31/38 MP: 7/7
  2738 | D:4      | 2738 ||| INVOKING Fiery Armour.
  3106 | D:4      | 3106 ||| Stepping ~*~*~tactically~*~*~ (hiding).
  3198 | D:4      | 3198 ||| Stepping ~*~*~tactically~*~*~ (hiding).
  3204 | D:4      | 3204 ||| Stepping ~*~*~tactically~*~*~ (hiding).
  3208 | D:4      | 3208 ||| Stepping ~*~*~tactically~*~*~ (hiding).
  3209 | D:4      | 3209 ||| Stepping ~*~*~tactically~*~*~ (hiding).
  3211 | D:4      | 3211 ||| Stepping ~*~*~tactically~*~*~ (hiding).
  3350 | D:4      | 3350 ||| Stepping ~*~*~tactically~*~*~ (stealth).
  3351 | D:4      | 3351 ||| Stepping ~*~*~tactically~*~*~ (stealth).
  3353 | D:4      | 3353 ||| Stepping ~*~*~tactically~*~*~ (stealth).
  3360 | D:4      | 3360 ||| Stepping ~*~*~tactically~*~*~ (stealth).
  3448 | D:4      | 3448 ||| INVOKING Fiery Armour.
  3505 | D:4      | Reached skill level 6 in Axes
  3576 | D:4      | 3576 ||| INVOKING Fiery Armour.
  3592 | D:4      | Reached skill level 3 in Armour
  3687 | D:4      | 3687 ||| READING scroll of acquirement.
  3687 | D:4      | 3687 ||| ACQUIRING ring of Greater Demons {Drain rElec rF++
                  | Int+6 Dex+8}
  3687 | D:4      | Acquired the ring of Greater Demons {Drain rElec rF++ Int+6
                  | Dex+8}
  3689 | D:4      | 3689 ||| UPGRADING to ring of Greater Demons {Drain rElec
                  | rF++ Int+6 Dex+8}.
  3726 | D:4      | Reached XP level 7. HP: 37/43 MP: 8/8
  3900 | D:4      | 3900 ||| Stepping ~*~*~tactically~*~*~ (stealth).
  4079 | D:4      | Found a glowing golden altar of the Shining One.
  4092 | D:4      | Reached skill level 1 in Dodging
  4249 | D:4      | 4249 ||| UPGRADING to +0 plate armour.
  4259 | D:4      | 4259 ||| DROPPING +0 chain mail.
  4260 | D:4      | 4260 ||| READING scroll labelled PEIHOCW EJOA.
  4261 | D:4      | 4261 ||| READING scroll labelled GAUROUCA BESKE.
  4262 | D:4      | 4262 ||| READING scroll labelled BEG BUBOEPLA.
  4263 | D:4      | 4263 ||| READING 2 scrolls of identify.
  4263 | D:4      | 4263 ||| IDENTIFYING pink potion
  4296 | D:5      | Entered Level 5 of the Dungeon
  4313 | D:5      | 4313 ||| Stepping ~*~*~tactically~*~*~ (hiding).
  4314 | D:5      | 4314 ||| Stepping ~*~*~tactically~*~*~ (hiding).
  4327 | D:5      | 4327 ||| Stepping randomly (disturbance).
  4328 | D:5      | 4328 ||| Stepping randomly (disturbance).
  4380 | D:5      | 4380 ||| Stepping ~*~*~tactically~*~*~ (stealth).
  4443 | D:5      | 4443 ||| READING scroll of enchant weapon.
  4443 | D:5      | 4443 ||| ENCHANTING +0 broad axe of venom.
  4520 | D:5      | Found an opulent altar of Gozag.
  4607 | D:5      | Reached XP level 8. HP: 41/48 MP: 9/9
  4699 | D:5      | Reached skill level 7 in Axes
  4816 | D:5      | Noticed an angel
  4817 | D:5      | Found a glowing silver altar of Zin.
  4834 | D:5      | 4834 ||| DRINKING 2 bubbling pink potions.
  4835 | D:5      | 4835 ||| DRINKING 2 brown potions.
  4836 | D:5      | 4836 ||| READING 2 scrolls of identify.
  4836 | D:5      | 4836 ||| IDENTIFYING dark potion
  4837 | D:5      | 4837 ||| DROPPING potion of attraction.
  4867 | D:6      | Noticed Grinder
  4873 | D:6      | 4873 ||| STAIRDANCE
  4885 | D:5      | Paralysed by Grinder for 2 turns
  4898 | D:5      | 4898 ||| Stepping ~*~*~tactically~*~*~ (hiding).
  4899 | D:5      | 4899 ||| Stepping ~*~*~tactically~*~*~ (hiding).
  4902 | D:5      | Killed Grinder
  4903 | D:5      | Reached skill level 8 in Axes
  5101 | D:6      | 5101 ||| Stepping ~*~*~tactically~*~*~ (hiding).
  5117 | D:6      | 5117 ||| Stepping ~*~*~tactically~*~*~ (stealth).
  5120 | D:6      | 5120 ||| Stepping ~*~*~tactically~*~*~ (stealth).
  5160 | D:6      | 5160 ||| Stepping ~*~*~tactically~*~*~ (hiding).
  5161 | D:6      | 5161 ||| Stepping ~*~*~tactically~*~*~ (hiding).
  5225 | D:6      | 5225 ||| INVOKING Fiery Armour.
  5234 | D:6      | Reached skill level 6 in Fighting
  5234 | D:6      | Reached XP level 9. HP: 55/55 MP: 10/10
  5274 | D:6      | Found a staircase to the Ecumenical Temple.
  5351 | D:6      | Found a basalt altar of Yredelemnul.
  5358 | D:6      | 5358 ||| INVOKING Fiery Armour.
  5754 | D:6      | Reached skill level 9 in Axes
  5915 | D:6      | 5915 ||| READING scroll labelled OMUWKAJUSK.
  5916 | D:6      | 5916 ||| DRINKING 2 metallic blue potions.
  5917 | D:6      | 5917 ||| DROPPING potion of degeneration.
  6062 | D:7      | 6062 ||| Stepping ~*~*~tactically~*~*~ (stealth).
  6063 | D:7      | 6063 ||| Stepping ~*~*~tactically~*~*~ (stealth).
  6142 | D:7      | 6142 ||| Stepping ~*~*~tactically~*~*~ (hiding).
  6143 | D:7      | 6143 ||| Stepping ~*~*~tactically~*~*~ (hiding).
  6189 | D:7      | 6189 ||| Stepping ~*~*~tactically~*~*~ (stealth).
  6204 | D:7      | Reached skill level 6 in Armour
  6207 | D:7      | Found a blossoming altar of Fedhas.
  6232 | D:7      | Found a sacrificial altar of Ru.
  6233 | D:7      | Found a white marble altar of Elyvilon.
  6235 | D:7      | Found a hide-covered altar of Uskayaw.
  6368 | D:7      | Found Cinluan's Weapon Shoppe.
  6724 | D:8      | 6724 ||| Stepping ~*~*~tactically~*~*~ (stealth).
  6734 | D:8      | 6734 ||| INVOKING Fiery Armour.
  6927 | D:8      | 6927 ||| INVOKING Fiery Armour.
  7096 | D:8      | Noticed Grum
  7097 | D:8      | 7097 ||| INVOKING Fiery Armour.
  7100 | D:8      | Reached skill level 10 in Axes
  7103 | D:8      | Reached XP level 10. HP: 22/63 MP: 11/11
  7105 | D:8      | HP: 13/64 [Grum/-2 halberd of flaming (10)]
  7106 | D:8      | 7106 ||| READING scroll of teleportation.
  7107 | D:8      | 7107 ||| DRINKING 4 potions of heal wounds.
  7113 | D:8      | Killed Grum
  7237 | D:8      | 7237 ||| Stepping ~*~*~tactically~*~*~ (stealth).
  7784 | D:8      | 7784 ||| READING 4 scrolls of identify.
  7784 | D:8      | 7784 ||| IDENTIFYING green potion
  7785 | D:8      | 7785 ||| READING 3 scrolls of identify.
  7785 | D:8      | 7785 ||| IDENTIFYING murky green potion
  7786 | D:8      | 7786 ||| READING 2 scrolls of identify.
  7786 | D:8      | 7786 ||| IDENTIFYING black potion
  7787 | D:8      | 7787 ||| DROPPING potion of flight.
  7788 | D:8      | 7788 ||| DROPPING potion of lignification.
  7789 | D:8      | 7789 ||| DROPPING potion of magic.
  7828 | D:9      | 7828 ||| INVOKING Fiery Armour.
  7913 | D:9      | HP: 11/64 [something (13)]
  7914 | D:9      | 7914 ||| DRINKING 3 potions of heal wounds.
  8078 | D:9      | Noticed an orange demon
  8078 | D:9      | Noticed Amaemon
  8086 | D:9      | HP: 12/64 [Amaemon/-1 demon whip of venom (6)]
  8087 | D:9      | 8087 ||| DRINKING 2 potions of heal wounds.
  8089 | D:9      | 8089 ||| DRINKING potion of heal wounds.
  8091 | D:9      | HP: 10/64 [Amaemon/-1 demon whip of venom (7)]
  8094 | D:9      | Slain by Amaemon

Levels and vault maps discovered:
D:1:      amcnicky_arrival_blooded_trapdoor, layout_loops_ring
D:2:      layout_rooms, basic_ecumenical_altar, nicolae_wormholes
D:3:      layout_basic, nicolae_overflow_crystal_walls, uniq_terence
D:4:      minmay_goblin_kobold_castle, layout_basic,
          nicolae_tso_swordbearing_angel
D:5:      layout_basic, zin_angel, overflow_temple_1_default
D:6:      layout_cave_pods, nicolae_yredelemnul_corpse_copse,
          minmay_temple_entry_glassed_door, uniq_grinder
D:7:      layout_basic, grunt_temple_overflow_open, serial_shops, shop
D:8:      layout_gridville, uniq_grum
D:9:      layout_cave_pools, minmay_overflow_temple_star_quad, erik_lair_dragon,
          david_orc_3, minmay_fractal_squares_5, uniq_amaemon

Skill      XL: |  1  2  3  4  5  6  7  8  9 10 |
---------------+-------------------------------+-----
Axes           | 3 4 5 6 8 10 | 10.4
Armour         | 1 2 3 4 5 6 7 |  7.3
Fighting       | 4 6 7 8 |  8.2
Dodging        | 1 |  1.3
Throwing       | 2 |  2.0
Spellcasting   | |  1.0
Fire Magic     | |  3.0

Action                     |  1- 3 |  4- 6 |  7- 9 | 10-12 || total
---------------------------+-------+-------+-------+-------++-------
  Melee: Hand axe          |   106 |    26 |       |       ||   132
         Punch             |     1 |     2 |     7 |     1 ||    11
         War axe           |       |    69 |       |       ||    69
         Broad axe         |       |   162 |   250 |    72 ||   484
  Throw: Boomerang         |    19 |    70 |    52 |    17 ||   158
 Invoke: Fiery Armour      |     1 |     5 |     5 |     1 ||    12
    Use: Scroll            |     3 |    10 |     7 |     4 ||    24
         Potion            |       |     1 |     3 |     4 ||     8
 Armour: Robe              |    22 |       |       |       ||    22
         Chain mail        |    21 |   250 |    10 |       ||   281
         Plate armour      |       |       |   198 |    98 ||   296
  Dodge: Dodged            |    48 |   129 |    78 |    39 ||   294

Table legend:
 A = Non-vault XP
 B = Vault XP
 C = Vault XP percentage of total XP
 D = Non-vault monster count
 E = Vault monster count
 F = Vault count percentage of total count
                 A         B        C        D         E       F
            +---------+---------+-------+---------+---------+-------
      Total |    4236 |    2263 |  34.8 |     166 |      85 |  33.9
            +---------+---------+-------+---------+---------+-------
        D:1 |      39 |       0 |   0.0 |      24 |       0 |   0.0
        D:2 |      65 |      10 |  13.3 |      15 |       2 |  11.8
        D:3 |     130 |      41 |  24.0 |      26 |       2 |   7.1
        D:4 |     238 |     177 |  42.7 |      19 |      61 |  76.2
        D:5 |     984 |     281 |  22.2 |      22 |       1 |   4.3
        D:6 |     658 |     389 |  37.2 |      19 |       7 |  26.9
        D:7 |     590 |       0 |   0.0 |      12 |       0 |   0.0
        D:8 |     942 |     655 |  41.0 |      20 |       5 |  20.0
        D:9 |     590 |     710 |  54.6 |       9 |       7 |  43.8
            +---------+---------+-------+---------+---------+-------
